AoeStats
← :)

Lombardia

509788912Analyzed
4v4 RM · 6d ago on Sep 28, 2026· 42m 7s· 8 players
Game mode
Random Map
Map size
Large (8 player)
Population
200
Speed
Normal
Resources
Standard
Victory
Conquest
Starting age
Dark Age
Ending age
Imperial Age
RankedLock teamsTeams togetherTeam positionsShared explorationLock speedFull tech treeHidden civsTurbo modeCheats
Victory
Defeat
🇦🇷 Magyars · Argentina
1299
+17
🇨🇷 Huns · Costa Rica
1276
+17
🇧🇷 Franks · Brazil
1244
+19
🇨🇱 Sicilians · Chile
1232
+19
1379
-20
🇵🇪 Japanese · Peru
1344
-20
🇦🇷 Magyars · Argentina
1281
-17
🇨🇴 Spanish · Colombia
1227
-15
:)
6:42 Loom
9:01 Feudal Age
10:53 Double-Bit Axe
11:15 Horse Collar
21:34 Wheelbarrow
23:05 Castle Age
22:22 Bloodlines
22:33 Scale Barding Armor
24:11 Chain Barding Armor
23:46 Gold Mining
24:07 Bow Saw
23:58 Heavy Plow
27:48 Husbandry
35:30 Wheelbarrow
38:40 Imperial Age
36:22 Fletching
36:34 Padded Archer Armor
36:55 Ballistics
37:11 Thumb Ring
37:03 Bodkin Arrow
38:08 Leather Archer Armor
37:47 Town Watch
40:33 Chemistry
39:34 Bracer
40:01 Parthian Tactics
42:17 Ring Archer Armor
41:32 Heavy Cavalry Archer
Cuervo.AOE
5:56 Loom
9:00 Feudal Age
11:04 Double-Bit Axe
14:38 Horse Collar
16:46 Wheelbarrow
17:02 Bloodlines
22:57 Castle Age
21:17 Gold Mining
21:49 Scale Barding Armor
22:24 Forging
24:11 Husbandry
23:51 Light Cavalry
27:49 Heavy Plow
28:06 Bow Saw
28:19 Pikeman
28:59 Squires
29:49 Scale Mail Armor
30:46 Squires
31:50 Hand Cart
38:11 Imperial Age
36:42 Chain Barding Armor
36:58 Iron Casting
38:16 First Crusade
38:37 Chain Mail Armor
37:52 Man-at-Arms
38:18 Gambesons
38:19 Arson
39:39 Conscription
40:19 Plate Mail Armor
39:17 Long Swordsman
39:37 Capped Ram
41:27 Crop Rotation
40:32 Two-Handed Swordsman
41:23 Champion
DrJet
9:34 Feudal Age
10:22 Double-Bit Axe
15:53 Wheelbarrow
20:39 Castle Age
21:12 Gold Mining
21:33 Bow Saw
31:35 Imperial Age
29:23 Hand Cart
28:55 Town Watch
28:56 Loom
31:39 Cavalier
32:20 Husbandry
33:35 Gold Shaft Mining
32:52 Stone Mining
33:50 Scale Barding Armor
33:56 Forging
33:10 Paladin
34:15 Town Patrol
34:46 Town Patrol
37:29 Chain Barding Armor
39:23 Plate Barding Armor
39:23 Iron Casting
38:17 Capped Ram
alemarioh
10:57 Feudal Age
15:17 Castle Age
13:15 Horse Collar
14:09 Loom
18:55 Double-Bit Axe
21:32 Heavy Plow
24:57 Bow Saw
31:57 Forging
35:00 Imperial Age
35:13 Imperial Age
33:33 Scale Barding Armor
33:39 Forging
34:43 Chain Barding Armor
35:38 Gold Mining
35:40 Stone Mining
36:28 Marauders
36:53 Conscription
37:25 Gold Shaft Mining
37:52 Two-Man Saw
37:44 Bloodlines
37:35 Husbandry
38:36 Plate Barding Armor
38:38 Iron Casting
41:34 Atheism
JAGR | Rojnar
2:20 Loom
10:51 Feudal Age
11:30 Man-at-Arms
20:23 Double-Bit Axe
23:49 Castle Age
21:47 Horse Collar
21:57 Gold Mining
22:57 Stone Mining
23:59 Town Watch
24:52 Wheelbarrow
24:58 Bow Saw
26:48 Fervor
28:22 Coinage
30:35 Heavy Plow
32:28 Scale Mail Armor
32:38 Forging
34:08 Gold Shaft Mining
37:40 Imperial Age
37:46 Imperial Age
35:57 Chain Mail Armor
36:22 Hand Cart
37:34 Masonry
37:34 Fortified Wall
38:32 Iron Casting
38:06 Elite Samurai
39:43 Plate Mail Armor
39:43 Conscription
41:07 Chemistry
39:58 Guard Tower
39:53 Arrowslits
40:04 Murder Holes
40:07 Capped Ram
40:57 Yasama
41:06 Fletching
42:17 Blast Furnace
JAGR | HIPERYON
9:47 Loom
12:03 Feudal Age
12:56 Town Watch
17:02 Castle Age
17:57 Scale Barding Armor
21:49 Forging
22:22 Husbandry
23:16 Double-Bit Axe
27:01 Iron Casting
30:38 Wheelbarrow
31:20 Bow Saw
31:09 Horse Collar
32:59 Gold Mining
34:39 Hand Cart
37:37 Chain Barding Armor
38:03 Bloodlines
40:57 Imperial Age
38:14 Pikeman
38:55 Squires
39:04 Scale Mail Armor
JAGR | PIPO GOROSITO
5:10 Loom
10:22 Feudal Age
17:04 Bloodlines
24:47 Castle Age
22:52 Double-Bit Axe
23:14 Horse Collar
23:40 Stone Mining
24:56 Scale Barding Armor
28:08 Corvinian Army
30:41 Imperial Age
28:43 Chain Barding Armor
30:43 Scale Mail Armor
31:06 Heavy Plow
35:40 Caravan
36:48 Elite Magyar Huszar
38:17 Wheelbarrow
38:00 Gold Mining
39:39 Plate Barding Armor
JAGR | TheButterfly_Effect
8:14 Loom
10:26 Feudal Age
15:27 Castle Age
15:20 Scale Mail Armor
16:29 Squires
16:29 Double-Bit Axe
16:25 Horse Collar
24:46 Wheelbarrow
23:46 Pikeman
26:05 Bow Saw
26:02 Town Watch
27:53 Hand Cart
27:54 Gold Mining
32:46 Imperial Age
31:16 Chain Mail Armor
32:36 Man-at-Arms
33:26 Fletching
32:57 Halberdier
33:33 Long Swordsman
34:42 Forging
35:00 Legionary
36:56 Iron Casting
36:26 Stone Mining
37:10 Town Patrol
38:40 Bodkin Arrow
39:02 Caravan
Connection lost

Rejoining the realm…

Still unreachable

The connection could not be restored.

Session expired

The server has moved on; the page needs a fresh start.